 Dungeon Crawl Stone Soup version 0.24.1-14-gf8d2b509d9 (console) character file.

Game seed: 10348570153247169186, levelgen mode: deterministic

12685 Kagalorn the Cleaver (level 11, -11/97 HPs)
             Began as a Minotaur Gladiator on July 24, 2021.
             Was a Priest of the Shining One.
             Mangled by a death knight
             ... wielding a +0 battleaxe
              (26 damage)
             ... on level 10 of the Dungeon.
             The game lasted 00:19:32 (8918 turns).

Kagalorn the Cleaver (Minotaur Gladiator)           Turns: 8918, Time: 00:19:32

Health: -11/97     AC: 19    Str: 22    XL:     11   Next: 65%
Magic:  16/16      EV: 10    Int:  5    God:    the Shining One [***...]
Gold:   77         SH:  0    Dex: 12    Spells: 10/10 levels left

rFire    . . .     SeeInvis .   a - +3 battleaxe (freeze)
rCold    . . .     Gourm    .   (shield currently unavailable)
rNeg     + . .     Faith    .   C - +0 plate armour
rPois    .         Spirit   .   c - +0 hat
rElec    .         Reflect  .   A - scarf {cloud immunity}
rCorr    .         Harm     .   (no gloves)
MR       .....                  (no boots)
Stlth    ..........             t - amulet of regeneration
HPRegen  0.66/turn              o - ring of wizardry
MPRegen  0.15/turn              D - +5 ring of protection

@: glowing
A: retaliatory headbutt, horns 2
a: Divine Shield, Renounce Religion


You were on level 10 of the Dungeon.
You worshipped the Shining One.
The Shining One was most pleased with you.
You were very hungry.

You visited 2 branches of the dungeon, and saw 13 of its levels.
You also visited: Ossuary.

You collected 426 gold pieces.
You spent 349 gold pieces at shops.

Inventory:

Hand Weapons
 a - a +3 battleaxe of freezing (weapon)
 b - a +2 trident of protection
 B - the +8 short sword of Hojiaroj {holy, -Tele +Fly MR+}
   (You found it on level 5 of the Dungeon)

   It has been blessed by the Shining One to cause great damage to the undead
   and demons.
   It affects your resistance to hostile enchantments.
   It lets you fly.
   It prevents most forms of teleportation.
Armour
 c - a +0 hat (worn)
 g - a +0 cloak
 A - a scarf of cloud immunity (worn)
 C - a +0 plate armour (worn)
Jewellery
 k - an uncursed ring of resist corrosion {unknown}
 o - a ring of wizardry (left hand)
 t - an amulet of regeneration (around neck)
 D - a +5 ring of protection (right hand)
Wands
 v - a wand of iceblast (6)
 x - a wand of disintegration (15)
 y - a wand of flame (32)
Scrolls
 h - 2 scrolls of enchant weapon
 i - 6 scrolls of identify
 j - 10 scrolls of remove curse
 n - 4 scrolls of teleportation
 p - 2 scrolls of fear
 r - 3 scrolls of blinking
 s - a scroll of amnesia
 u - 4 scrolls of fog
 w - 2 scrolls of magic mapping
Potions
 d - 2 potions of lignification
 e - a potion of resistance
 l - 12 potions of curing
 m - 3 potions of heal wounds
 q - 2 potions of might
 z - a potion of mutation
 E - a potion of cancellation {unknown}
 F - 2 potions of flight {unknown}
Comestibles
 f - 21 rations


   Skills:
 + Level 9.3 Fighting
 * Level 12.9 Axes
 - Level 2.0 Throwing
 + Level 8.9 Armour
 + Level 9.1 Dodging
 * Level 8.4 Invocations


You had 10 spell levels left.
You didn't know any spells.
Your spell library contained the following spells:

 Spells                   Type           Power        Failure   Level  Hunger
 Animate Skeleton         Necr           N/A          95%         1    ##.....
 Apportation              Tloc           #.....       95%         1    ##.....
 Confusing Touch          Hex            #.....       95%         1    ##.....
 Infusion                 Chrm           #...         95%         1    ##.....
 Summon Small Mammal      Summ           #...         95%         1    ##.....
 Shroud of Golubria       Chrm/Tloc      #.....       98%         2    ###....
 Song of Slaying          Chrm           #.......     98%         2    ###....
 Regeneration             Chrm/Necr      #.........   100%        3    ####...
 Spectral Weapon          Hex/Chrm       #.......     100%        3    ####...


Dungeon Overview and Level Annotations

Branches:
Dungeon (12/15)            Temple (1/1) D:4            Lair (0/6) D:10
    Orc (0/2) D:9         Ossuary (visited)

Altars:
Ashenzari
Cheibriados
Dithmenos
Elyvilon
Fedhas
Gozag
Hepliaklqana
Kikubaaqudgha
Makhleb
Nemelex Xobeh
Okawaru
Qazlal
Ru
Sif Muna
Trog
Uskayaw
Vehumet
Wu Jian
Xom
Yredelemnul
Zin
The Shining One

Shops:
D:4 !   D:5 ?

Annotations:
D:8 2 transporters, Voland's ghost, novice GrWz


Innate Abilities, Weirdness & Mutations

You reflexively headbutt those who attack you in melee.
You have a pair of horns on your head.


Message History

You slash the death knight! You freeze the death knight.
You headbutt the death knight.
The death knight is moderately wounded.
The death knight reflects your damage back at you!
* * * LOW HITPOINT WARNING * * *
The death knight hits you but does no damage.
You hit the death knight but do no damage.
The death knight is moderately wounded.
Unknown command.
You slash the death knight! You freeze the death knight.
The death knight is heavily wounded.
The death knight reflects your damage back at you!
* * * LOW HITPOINT WARNING * * *
The death knight's dark mirror aura disappears.
The death knight barely misses you. You furiously retaliate!
You headbutt the death knight.
You hit the death knight but do no damage.
The death knight is heavily wounded.
The death knight hits you with a +0 battleaxe!!
You die...

...........#..#############
...........#...............
...........#.>.............
........####...............
#####).....................
(..c###.(..................
((....#....(.................####
(.....##..(......>.########..#...
†###...#.......p@..#......#.(#...
.. ..#....(...[).#..####.....##
.:. .#..........['..##.........
"... #...........####.......P..
..#.. ................).........(
.##..#.........######[).....>....
.. .#.........#.................
#.........#......#..........
......#......##.........


You could see a death knight.

Vanquished Creatures
  Gastronok (D:9)
  Harold (D:7)
  2 two-headed ogres
  Pikel (D:4)
  2 trolls
  3 hornets (D:9)
  2 hippogriffs (D:9)
  Prince Ribbit (D:7)
  A wyvern (D:9)
  A hungry ghost (D:7)
  A steam dragon (D:10)
  2 soldier ants
  2 wargs (D:10)
  A water moccasin (D:6)
  3 sky beasts
  8 orc warriors
  2 ice beasts
  A slave (D:4)
  6 ogres
  2 centaurs
  2 big kobolds (D:9)
  An elf zombie (Ossuary)
  4 bullfrogs
  5 gnoll sergeants
  A water moccasin zombie (D:7)
  4 scorpions
  9 killer bees
  5 wights (D:8)
  4 howler monkeys
  2 electric eels (D:7)
  4 crimson imps (D:7)
  6 centaur zombies
  2 quasits
  4 hounds
  6 orc priests
  2 bullfrog skeletons (D:7)
  18 orc wizards
  2 centaur skeletons
  3 iguanas
  10 worker ants
  A killer bee zombie (D:9)
  A hound zombie (Ossuary)
  3 hound skeletons
  3 mummies (Ossuary)
  A worker ant zombie (D:7)
  A gnoll (D:9)
  19 adders
  2 shadow imps
  2 oozes
  5 adder zombies
  2 worms
  3 dart slugs
  34 orcs
  7 bats
  10 giant cockroaches
  12 goblins
  6 hobgoblins
  7 jackals
  4 quokkas
  7 ball pythons (D:3)
  5 frilled lizards
  2 gnoll zombies (Ossuary)
  2 goblin zombies (Ossuary)
  4 hobgoblin zombies (Ossuary)
  A jackal skeleton (D:5)
  2 jackal zombies (Ossuary)
  7 kobolds
  4 kobold zombies (Ossuary)
  An orc zombie (Ossuary)
  4 quokka zombies (Ossuary)
  3 rats
  3 rat zombies (Ossuary)
305 creatures vanquished.

Vanquished Creatures (others)
  A slave (D:5)
  A hound (D:4)
  2 orc priests (D:5)
  An orc wizard (D:4)
  A worm (D:4)
  A dart slug (D:4)
  A leopard gecko (D:4)
  An orc (D:5)
  A ball python (D:4)
  A frilled lizard (D:4)
11 creatures vanquished.

Grand Total: 316 creatures vanquished

Notes
Turn   | Place    | Note
-------+----------+-------------------------------------------
     0 | D:1      | Kagalorn the Minotaur Gladiator began the quest for the
                  | Orb.
     0 | D:1      | Reached XP level 1. HP: 18/18 MP: 0/0
   137 | D:1      | Reached XP level 2. HP: 18/25 MP: 1/1
   141 | D:1      | Reached skill level 4 in Axes
   177 | D:1      | Reached skill level 1 in Armour
   519 | D:1      | Reached XP level 3. HP: 30/30 MP: 2/2
  1285 | D:2      | Found a shimmering blue altar of Sif Muna.
  1353 | D:2      | You fall into a shaft and drop 1 floor!
  1398 | D:3      | Reached XP level 4. HP: 36/38 MP: 3/3
  1508 | D:2      | Found a faded altar of an unknown god.
  1742 | D:3      | Found a sparkling altar of Nemelex Xobeh.
  1811 | D:3      | Reached skill level 5 in Axes
  1873 | D:3      | Reached XP level 5. HP: 40/45 MP: 4/4
  2222 | D:3      | Found a white marble altar of Elyvilon.
  2287 | D:3      | Reached XP level 6. HP: 52/52 MP: 5/5
  2301 | D:3      | You fall into a shaft and drop 3 floors!
  2320 | D:6      | Reached skill level 6 in Axes
  2346 | D:6      | Noticed a water moccasin
  2354 | D:6      | Killed a water moccasin
  2354 | D:6      | Reached XP level 7. HP: 47/60 MP: 6/6
  2410 | D:6      | Reached skill level 5 in Dodging
  2416 | D:6      | Reached skill level 7 in Axes
  2587 | D:6      | Found a sand-covered staircase.
  2596 | Ossuary  | Entered an ossuary
  2713 | Ossuary  | Reached skill level 5 in Fighting
  3113 | D:6      | Reached skill level 8 in Axes
  3113 | D:6      | Reached XP level 8. HP: 69/69 MP: 7/7
  3311 | D:6      | Found a shadowy altar of Dithmenos.
  3656 | D:5      | Entered Level 5 of the Dungeon
  3688 | D:6      | Reached skill level 5 in Armour
  3939 | D:4      | Found a bloodstained altar of Trog.
  3958 | D:4      | Found a staircase to the Ecumenical Temple.
  3977 | Temple   | Entered the Ecumenical Temple
  4042 | Temple   | Became a worshipper of the Shining One
  4123 | D:4      | Found a shimmering altar of Xom.
  4143 | D:4      | Found Giemikont's Distillery.
  4154 | D:4      | Bought a potion of curing for 42 gold pieces
  4154 | D:4      | Bought a potion of heal wounds for 70 gold pieces
  4154 | D:4      | Bought a potion of curing for 42 gold pieces
  4154 | D:4      | Bought a potion of lignification for 42 gold pieces
  4154 | D:4      | Bought a potion of might for 56 gold pieces
  4539 | D:3      | Found a snail-covered altar of Cheibriados.
  4736 | D:5      | Noticed Pikel
  4751 | D:4      | Killed Pikel
  4751 | D:4      | Reached skill level 9 in Axes
  4966 | D:5      | Identified the +8 short sword of Hojiaroj {holy, -Tele +Fly
                  | MR+} (You found it on level 5 of the Dungeon)
  5111 | D:5      | Found a sacrificial altar of Ru.
  5128 | D:5      | Found Xorch's Magic Scroll Boutique.
  5137 | D:5      | Bought a scroll of blinking for 97 gold pieces
  5172 | D:5      | Reached XP level 9. HP: 74/78 MP: 9/9
  5708 | D:7      | Reached * piety under the Shining One
  5863 | D:7      | Reached skill level 10 in Axes
  5988 | D:7      | Noticed Prince Ribbit
  6025 | D:7      | Noticed Harold
  6041 | D:7      | Killed Harold
  6059 | D:7      | Killed Prince Ribbit
  6118 | D:7      | Reached skill level 5 in Invocations
  6258 | D:8      | Found a transporter.
  6258 | D:8      | Noticed Voland's ghost (novice GrWz)
  6259 | D:8      | Found a transporter.
  6260 | D:8      | Noticed a queen bee
  6386 | D:8      | Reached XP level 10. HP: 86/86 MP: 12/12
  6405 | D:8      | Reached ** piety under the Shining One
  6561 | D:8      | Reached skill level 11 in Axes
  6694 | D:8      | Got a shimmering quarterstaff
  6697 | D:8      | Identified the cursed +3 quarterstaff of Iconoclasm {crush,
                  | -Tele rPois Str+3 Dex+8} (You found it on level 8 of the
                  | Dungeon)
  7021 | D:9      | Found a staircase to the Orcish Mines.
  7618 | D:9      | Noticed a two-headed ogre
  7625 | D:9      | Killed a two-headed ogre
  7647 | D:9      | Noticed Gastronok
  7688 | D:9      | Killed Gastronok
  7688 | D:9      | Reached skill level 12 in Axes
  7688 | D:9      | Reached XP level 11. HP: 46/95 MP: 15/15
  7780 | D:9      | Reached *** piety under the Shining One
  7834 | D:9      | Found a burning altar of Makhleb.
  7964 | D:9      | Paralysed by a hornet for 2 turns
  8281 | D:9      | Paralysed by a hornet for 1 turns
  8422 | D:10     | Entered Level 10 of the Dungeon
  8456 | D:10     | Found a staircase to the Lair.
  8582 | D:10     | You fall into a shaft and drop 2 floors!
  8634 | D:10     | Noticed a two-headed ogre
  8639 | D:10     | Killed a two-headed ogre
  8692 | D:10     | Noticed a death knight
  8918 | D:10     | Mangled by a death knight

Levels and vault maps discovered:
D:1:      minmay_arrival_stone_box, layout_basic, chequers_big_river,
          st_stairs_7
D:2:      layout_basic, lemuel_blue_sif_altar, chequers_ecumenical_altar_lobes
D:3:      layout_basic, kennysheep_slug_shrine, lemuel_coloured_pillars_altar,
          overflow_temple_1_default, minmay_snake_closets
D:4:      layout_cave_pools, xom_confusion_cloud, bloody_trog,
          minmay_temple_entry_trees, serial_shops,
          nicolae_shop_competitors_out_of_business
D:5:      layout_loops_cross, nicolae_ru_path_of_blood, first_ration,
          serial_rivers, chequers_serial_rivers_micro_e,
          chequers_serial_rivers_room_b, chequers_serial_rivers_micro_d,
          chequers_serial_rivers_room_b, chequers_serial_rivers_small_a,
          chequers_serial_rivers_small_a, serial_shops, shop, uniq_pikel
D:6:      layout_loops_ring, grunt_dithmenos_smoke, nicolae_ossuary_entry_ruins,
          serial_co_window_serial, co_window_corner_a, co_window_corner_a,
          co_window_paths_a, co_window_paths_a, co_window_corner_a,
          co_window_corner_cb, co_window_2corner, co_window_unsneaky_path_a,
          co_window_paths_e, glass_columns_c, glass_columns_b, glass_columns_a,
          glass_columns_a, glass_columns_a, moated_statue
D:7:      layout_rooms, serial_bayou, serial_bayou_pond_a, serial_bayou_pond_b,
          serial_bayou_pond_c, serial_bayou_pond_e, uniq_harold,
          uniq_prince_ribbit1
D:8:      layout_loops_ring, gammafunk_ghost_hive
D:9:      layout_roguey, makhleb_heckhound_becter,
          kennysheep_orc_monster_closet_entryway, hangedman_pestilent_swarm,
          uniq_gastronok
D:10:     layout_irregular_city, erik_lair_orcish_takeover,
          roderic_roman_lattice, minmay_radiant, uniq_erolcha
D:11:     layout_cave_pools, nrook_campfire
D:12:     layout_cross, roderic_lattice_a
Temple:   cyrus_circular_temple

Skill      XL: |  1  2  3  4  5  6  7  8  9 10 11 |
---------------+----------------------------------+-----
Axes           | 4 5 6 8 9 10 12 | 12.9
Armour         | 1 2 3 4 5 6 8 |  8.9
Fighting       | 3 4 5 6 7 8 9 |  9.3
Dodging        | 4 5 6 7 8 9 |  9.1
Invocations    | 2 5 7 8 |  8.4
Throwing       | |  2.0

Action                   |  1- 3 |  4- 6 |  7- 9 | 10-12 || total
-------------------------+-------+-------+-------+-------++-------
Melee: War axe           |    77 |   128 |   287 |   117 ||   609
       Headbutt          |    11 |    18 |    63 |    60 ||   152
       Battleaxe         |       |       |       |   178 ||   178
Evoke: Wand              |       |       |     3 |     5 ||     8
  Use: Scroll            |       |       |    16 |     1 ||    17
       Potion            |       |       |       |     1 ||     1
  Eat: Chunk             |     2 |     3 |     8 |     4 ||    17
       Ration            |       |       |     2 |     1 ||     3
Armor: Leather armour    |     8 |       |       |       ||     8
       Chain mail        |    34 |    82 |   134 |    69 ||   319
       Plate armour      |       |       |       |   101 ||   101
Dodge: Dodged            |    44 |    73 |   136 |   173 ||   426
